 Dungeon Crawl Stone Soup version 0.29-a0-541-gaf1fc19f1b (webtiles) character file.

Game seed: 17640585431047950300

520 lemonriz the Ruffian (level 7, 53/59 HPs)
             Began as a Pale Draconian Transmuter on May 23, 2022.
             Was a Priest of Qazlal.
             Quit the game on level 4 of the Dungeon on June 2, 2022.
             The game lasted 00:11:43 (3672 turns).

lemonriz the Ruffian (Pale Draconian Transmuter)    Turns: 3672, Time: 00:11:44

Health: 53/59      AC:  8    Str: 13    XL:     7   Next: 1%
Magic:  11/11      EV: 12    Int: 15    God:    Qazlal [***...]
Gold:   187        SH:  3    Dex: 11    Spells: 9/12 levels left

rFire   . . .      SeeInvis .     - Unarmed
rCold   . . .      Faith    .   o - orb {*Rage}
rNeg    . . .      Spirit   .   (body armour unavailable)
rPois   .          Reflect  .   (helmet restricted)
rElec   .          Harm     .   (no cloak)
rCorr   +          Rampage  .   m - +1 pair of gloves
Will    .....      Rage     20% (no boots)
Stlth   +.........              (no amulet)
HPRegen 0.19/turn               q - ring of resist corrosion
MPRegen 0.12/turn               (no ring)

@: on berserk cooldown, slowed, very slow
A: breathe steam, AC +6, unfitting armour, cold-blooded, steam resistance
a: Breathe Steam, Renounce Religion, Upheaval, Elemental Force


You were on level 4 of the Dungeon.
You worshipped Qazlal.
Qazlal was most pleased with you.
You visited 1 branch of the dungeon, and saw 4 of its levels.

You collected 187 gold pieces.

Inventory:

Hand Weapons
 j - a +1 dagger of flaming
 n - the +11 mace of the Realm of Zot {distort, rF- rN+ Dex+7}
   (You found it on level 2 of the Dungeon)

   It warps and distorts space around it, and may blink, banish, or inflict
   extra damage upon those it strikes.
   Unwielding it can cause banishment or high damage.
   Dex:       It affects your dexterity (+7).
   rF:        It makes you vulnerable to fire.
   rN:        It protects you from negative energy.
 z - a +2 dagger of holy wrath
Armour
 m - a +1 pair of gloves (worn)
 o - an orb of wrath (worn)
Jewellery
 q - a ring of resist corrosion (left hand)
Scrolls
 d - 2 scrolls of immolation {unknown}
 h - 3 scrolls of fear {unknown}
 i - a scroll of teleportation {unknown}
 k - 4 scrolls of identify
 l - a scroll of blinking {unknown}
 p - 2 scrolls of fog {unknown}
 v - a scroll of enchant weapon {unknown}
 x - a scroll of amnesia {unknown}
 y - a scroll of magic mapping {unknown}
Potions
 a - 3 potions of lignification
 b - 2 potions of heal wounds {unknown}
 c - 2 potions of degeneration {unknown}
 e - a potion of might {unknown}
 f - 5 potions of curing
 g - a potion of berserk rage {unknown}
 r - a potion of haste {unknown}
 s - a potion of cancellation {unknown}
 t - a potion of ambrosia {unknown}
 u - a potion of attraction {unknown}
 w - a potion of flight {unknown}


   Skills:
 + Level 4.3 Fighting
 - Level 1.7 Dodging
 * Level 6.3 Unarmed Combat
 + Level 3.1 Spellcasting
 - Level 2.0 Transmutations


You had 9 spell levels left.
You knew the following spells:

 Your Spells              Type           Power      Damage    Failure   Level
a - Beastly Appendage     Tmut           16%        N/A       9%          1
b - Wereblood             Tmut           8%         N/A       13%         2

Your spell library contained the following spells:

 Spells                   Type           Power      Damage    Failure   Level
 Sandblast                Erth           4%         2d4       21%         1
 Passwall                 Tmut/Erth      4%         N/A       21%         2
 Spider Form              Tmut/Pois      5%         N/A       36%         3
 Ozocubu's Armour         Ice            2%         N/A       52%         3
 Stone Arrow              Conj/Erth      4%         3d7       52%         3
 Ice Form                 Ice/Tmut       5%         N/A       78%         4
 Metabolic Englaciation   Hex/Ice        1%         N/A       99%         5
 Simulacrum               Ice/Necr       1%         N/A       100%        6


Dungeon Overview and Level Annotations

Branches:
Dungeon (4/15)
 Temple: D:4-7

Altars:
Elyvilon
Qazlal
Wu Jian


Innate Abilities, Weirdness & Mutations

You can breathe blasts of scalding, opaque steam.
Your pale cyan-grey scales are hard. (AC +6)
You cannot fit into any form of body armour.
You are cold-blooded and may be slowed by cold attacks.
You are immune to the effects of steam.


Message History

The hound is heavily wounded.
The hound closely misses you.
You barely miss the hound.
The hound is heavily wounded.
The hound barely misses you. The hound closely misses you.
You hit the hound.
Your tail-slap misses the hound.
The hound is heavily wounded.
You block the hound's attack.
You miss the hound. You tail-slap the hound.
The hound is severely wounded.
The hound bites you but does no damage.
You closely miss the hound.
The hound is severely wounded.
The hound bites you.
You hit the hound.
You tail-slap the hound, but do no damage.
The hound is almost dead.
The hound bites you but does no damage. The hound bites you.
A red film seems to cover your vision as you go berserk!
You feel yourself moving faster!
You feel mighty!
You barely miss the hound. You tail-slap the hound.
You kill the hound!
Qazlal accepts your kill.
You have reached level 7!
Your scales start taking on a pale cyan-grey colour.
You learn Fire Magic quicker.
You learn Air Magic quicker.
You learn Evocations quicker.
You can breathe blasts of scalding, opaque steam.
You are now immune to the effects of steam.
Calm down first, please.
You see here a hound corpse.
You feel a strong urge to attack something.
You feel your anger nearly subside.
You are no longer berserk.
You are exhausted.
You feel yourself slow down.
Unknown command.
Welcome back, lemonriz the Pale Draconian Transmuter.
Qazlal says: Let the forces of nature tear it all down!
Press ? for a list of commands and other information.
Are you sure you want to abandon this character and quit the game? (Confirm with "yes".)

# # ..... #
♣♣...♣♣ #
♣♣.....♣♣ # ###
♣♣.......♣♣ # #.#
♣...≈≈≈...♣ # #.#
#..≈≈≈≈≈..# #
#@###..≈≈♣≈≈..# #
#......≈≈≈≈≈..####
#####...≈≈≈.......
##..†.........
##.....######
#.#.###
#...########
#...........
###########.


There were no monsters in sight!

Vanquished Creatures
  2 black bears (D:4)
  Blork the orc (D:4)
  2 hounds (D:4)
  An iguana (D:4)
  Robin (D:4)
  A gnoll (D:2)
  7 adders
  2 worms
  3 dart slugs
  9 endoplasms
  4 giant cockroaches
  11 goblins
  12 hobgoblins
  4 jackals (D:2)
  4 quokkas
  11 ball pythons
  6 bats
  5 frilled lizards
  6 kobolds
  3 rats (D:2)
95 creatures vanquished.

Vanquished Creatures (others)
  6 demonic plants (D:1)
  3 withered plants (D:1)
9 creatures vanquished.

Grand Total: 104 creatures vanquished

Notes
Turn   | Place    | Note
-------+----------+-------------------------------------------
     0 | D:1      | lemonriz the Draconian Transmuter began the quest for the
                  | Orb.
     0 | D:1      | Reached XP level 1. HP: 16/16 MP: 3/3
    67 | D:1      | Found a faded altar of an unknown god.
    93 | D:1      | Prayed at the altar of an unknown god.
    93 | D:1      | Became a worshipper of Qazlal Stormbringer
    93 | D:1      | Reached * piety under Qazlal
   333 | D:1      | Reached XP level 2. HP: 23/23 MP: 5/5
   990 | D:1      | Learned a level 2 spell: Wereblood
  1062 | D:2      | Reached XP level 3. HP: 18/29 MP: 6/6
  1209 | D:2      | Found a white marble altar of Elyvilon.
  1370 | D:2      | Reached ** piety under Qazlal
  1379 | D:2      | Reached skill level 4 in Unarmed Combat
  1551 | D:2      | Identified the +11 mace of the Realm of Zot {distort, rF-
                  | rN+ Dex+7}
  1842 | D:2      | Reached XP level 4. HP: 28/37 MP: 5/7
  2507 | D:3      | Reached skill level 5 in Unarmed Combat
  2507 | D:3      | Reached XP level 5. HP: 45/45 MP: 8/8
  2598 | D:3      | Found an ornate altar of the Wu Jian Council.
  3216 | D:4      | Noticed Blork the orc
  3223 | D:4      | Killed Blork the orc
  3351 | D:4      | Noticed a black bear
  3364 | D:4      | Killed a black bear
  3365 | D:4      | Reached XP level 6. HP: 52/52 MP: 5/10
  3425 | D:4      | Reached skill level 6 in Unarmed Combat
  3545 | D:4      | Noticed Robin
  3548 | D:4      | Reached *** piety under Qazlal
  3559 | D:4      | Killed Robin
  3664 | D:4      | Your scales start taking on a pale cyan-grey colour.
  3664 | D:4      | Reached XP level 7. HP: 59/59 MP: 11/11
  3664 | D:4      | Gained mutation: You are immune to the effects of steam.
                  | [Pale Draconian growth]
  3672 | D:4      | Upgraded the game from 0.29-a0-330-g52719c12eb to
                  | 0.29-a0-541-gaf1fc19f1b
  3672 | D:4      | Quit the game

Illustrated notes

Levels and vault maps discovered:
D:1:      eino_arrival_tree_alley, layout_loops_cross,
          shapermc_ecumenical_altar_gd
D:2:      minmay_diamond_boxcup, layout_basic, basic_altar
D:3:      layout_loops_ring, nicolae_wu_jian_glorious_leap, dk_vineyard_2
D:4:      layout_loops_ring, elyvilon_altar_3, minmay_unequal, uniq_robin,
          uniq_natasha, uniq_duvessa, uniq_blork_the_orc

Skill      XL: |  1  2  3  4  5  6 |
---------------+-------------------+-----
Fighting       | 2 3 4 |  4.3
Unarmed Combat | 4 5 6 |  6.3
Spellcasting   | 3 |  3.1
Dodging        | |  1.7
Transmutations | |  2.0

Action                   |  1- 3 |  4- 6 |  7- 9 || total
-------------------------+-------+-------+-------++-------
Melee: Unarmed           |   134 |   168 |       ||   302
       Tailslap          |    13 |    22 |       ||    35
       Punch             |     8 |       |       ||     8
       Kick              |     2 |     3 |       ||     5
       Headbutt          |       |     2 |       ||     2
 Cast: Beastly Appendage |     3 |     3 |       ||     6
       Wereblood         |       |     4 |       ||     4
  Use: Scroll            |       |     1 |       ||     1
Armor: Skin              |    36 |    65 |       ||   101
Dodge: Dodged            |    88 |   108 |       ||   196
Block: Other             |    13 |     6 |       ||    19
       Orb               |       |    12 |       ||    12

Table legend: (Time is in decaauts)
 A = Elapsed time spent in this place.
 B = Non-inter-level travel time spent in this place.
 C = Inter-level travel time spent in this place.
 D = Time resting spent in this place.
 E = Time spent auto-exploring this place.
 F = Levels seen in this place.
 G = Mean time per level.
                   A        B        C        D        E       F      G
               +--------+--------+--------+--------+--------+-----+--------+
         Total |   3762 |   3597 |    165 |      4 |   2724 |   4 |  940.5 |
       Dungeon |   3762 |   3597 |    165 |      4 |   2724 |   4 |  940.5 |
               +--------+--------+--------+--------+--------+-----+--------+

Top non-repeatable levels by time:
     D:2: 1214 daAuts
     D:1: 1030 daAuts
     D:3: 867 daAuts
     D:4: 649 daAuts
